 Dungeon Crawl Stone Soup version 0.23.2-1-ga50397a6bc (webtiles) character file.

Game seed: 12015777037686565836

9464 Mrkan the Spear-Bearer (level 11, -2/88 HPs)
             Began as a Minotaur Fighter on May 25, 2019.
             Was a High Priest of Dithmenos.
             Killed from afar by Fannar (22 damage)
             ... with a bolt of cold
             ... on level 11 of the Dungeon.
             The game lasted 00:17:21 (7882 turns).

Mrkan the Spear-Bearer (Minotaur Fighter)           Turns: 7882, Time: 00:17:22

Health: -2/88      AC: 13    Str: 26    XL:     11   Next: 23%
Magic:  25/25      EV: 11    Int:  5    God:    Dithmenos [*****.]
Gold:   460        SH: 13    Dex: 12    Spells: 10/10 levels left

rFire    . . .     SeeInvis .   h - +2 spear (pierce)
rCold    . . .     Gourm    .   c - +0 shield
rNeg     . . .     Faith    +   D - +0 plate armour
rPois    .         Spirit   .   (helmet restricted)
rElec    .         Reflect  .   w - +0 cloak
rCorr    .         Harm     .   l - +0 pair of gloves
MR       .....                  (no boots)
Stlth    ..........             y - amulet of faith
HPRegen  0.24/turn              B - ring of Byry {MP+9 Str+4 Slay+5}
MPRegen  0.19/turn              t - +5 ring of evasion

@: lethally poisoned (-2 -> -3), wreathed by umbra
A: retaliatory headbutt, horns 2
a: Shadow Step, Shadow Form, Renounce Religion


You were on level 11 of the Dungeon.
You worshipped Dithmenos.
Dithmenos was extremely pleased with you.
You were hungry.

You visited 1 branch of the dungeon, and saw 9 of its levels.

You collected 460 gold pieces.

Inventory:

Hand Weapons
 a - a +0 trident
 h - a +2 spear of piercing (weapon)
Armour
 c - a +0 shield (worn)
 l - a +0 pair of gloves (worn)
 w - a +0 cloak (worn)
 D - a +0 plate armour (worn)
Jewellery
 r - an uncursed amulet of magic regeneration
 t - a +5 ring of evasion (right hand)
 u - an uncursed ring of wizardry {unknown}
 v - an uncursed ring of positive energy {unknown}
 y - an amulet of faith (around neck)
 B - the ring of Byry (left hand) {MP+9 Str+4 Slay+5}
   (You found it on level 5 of the Dungeon)

   [ring of magical power]

   It affects your strength (+4).
   It affects your accuracy and damage with ranged weapons and melee attacks
   (+5).
   It affects your magic capacity (+9).
 E - a cursed +2 ring of evasion
Wands
 o - a wand of disintegration (17)
 p - a wand of digging (6)
 A - a wand of iceblast (4)
Scrolls
 b - a scroll of identify
 d - a scroll of amnesia
 i - 2 scrolls of magic mapping
 k - a scroll of silence {unknown}
 m - 5 scrolls of remove curse
 q - a scroll of fog {unknown}
 s - a scroll of enchant weapon {unknown}
 x - a scroll of enchant armour {unknown}
 C - 2 scrolls of teleportation
Potions
 e - a potion of degeneration {unknown}
 g - a potion of invisibility {unknown}
 j - 4 potions of curing
 n - 3 potions of agility
 z - a potion of cancellation {unknown}
Comestibles
 f - 13 rations


   Skills:
 * Level 5.3 Fighting
 - Level 14.0 Polearms
 - Level 3.6 Armour
 + Level 11.5 Shields
 + Level 8.3 Invocations


You had 10 spell levels left.
You didn't know any spells.
Your spell library was empty.

Dungeon Overview and Level Annotations

Branches:
Dungeon (11/15)            Temple (0/1) D:6            Lair (0/6) D:10
    Orc: D:9-12

Altars:
Ashenzari
Cheibriados
Dithmenos
Fedhas
Gozag
Okawaru
Ru
Trog

Shops:
D:5 *   D:6 %   D:10 ?

Annotations:
D:10 2 runed translucent doors, Teps's ghost, journeyman KoBe
D:11 Fannar


Innate Abilities, Weirdness & Mutations

You reflexively headbutt those who attack you in melee.
You have a pair of horns on your head.


Message History

The ice beast is almost dead.
You feel sick. The ice beast hits you. The ice beast freezes you!
You closely miss the ice beast.
You headbutt the ice beast, but do no damage.
The ice beast is almost dead.
Fannar hits you but does no damage.
You hit the ice beast.
You kill the ice beast!
You miss Fannar. Your headbutt misses Fannar.
Fannar is moderately wounded.
You feel sick.
Fannar gestures wildly while chanting.
Fannar drains the heat from the surrounding environment!
You feel very cold.
* * * LOW HITPOINT WARNING * * *
Fannar is frozen.
Fannar resists.
You feel sick. Fannar casts a spell at you. The bolt of cold hits you!!
You die...

#................
#########........
#########........
#................
#.>.............. ##+#
#...#############
######..###................
...........................
........e.@...)..##########
......##########(# .....
#.# .... #.# ...
######.########## ..
.................. .
................>.
###########....... #..#####


You could see Fannar.

Vanquished Creatures
  3 two-headed ogres
  A centaur zombie (D:10)
  A gargoyle (D:10)
  A kobold demonologist (D:11)
  A hornet (D:11)
  2 trolls (D:10)
  2 hippogriffs
  Sigmund (D:2)
  A wraith (D:11)
  4 yaks (D:9)
  A wyvern (D:10)
  A hungry ghost (D:9)
  A water moccasin (D:10)
  An orc warrior (D:10)
  2 sky beasts
  5 ice beasts
  A phantom (D:5)
  4 ogres
  A wolf (D:10)
  3 centaurs
  6 bullfrogs
  3 big kobolds (D:11)
  3 scorpions
  3 killer bees (D:9)
  5 wights (D:9)
  4 howler monkeys
  2 electric eels (D:10)
  3 crimson imps
  A bullfrog zombie (D:6)
  15 hounds
  2 jellies
  3 centaur skeletons
  3 orc priests
  A bullfrog skeleton (D:6)
  7 orc wizards
  An iguana (D:6)
  Terence (D:2)
  5 worker ants
  A killer bee zombie (D:6)
  A hound skeleton (D:10)
  A howler monkey skeleton (D:5)
  A gnoll (D:1)
  12 adders
  An ooze (D:6)
  An adder skeleton (D:10)
  5 worms
  3 dart slugs
  2 leopard geckos
  31 orcs
  2 giant cockroaches
  8 goblins
  3 hobgoblins
  4 jackals
  5 quokkas
  A ball python (D:1)
  A ball python skeleton (D:4)
  4 bats
  8 frilled lizards
  11 kobolds
  2 quokka skeletons
  7 rats
220 creatures vanquished.

Notes
Turn   | Place    | Note
-------+----------+-------------------------------------------
     0 | D:1      | Mrkan the Minotaur Fighter began the quest for the Orb.
     0 | D:1      | Reached XP level 1. HP: 19/19 MP: 0/0
    79 | D:1      | Reached skill level 3 in Polearms
    79 | D:1      | Reached XP level 2. HP: 8/26 MP: 1/1
   682 | D:1      | Reached XP level 3. HP: 31/31 MP: 2/2
   975 | D:2      | Noticed Sigmund
  1006 | D:2      | Killed Sigmund
  1006 | D:2      | Reached skill level 5 in Polearms
  1006 | D:2      | Reached skill level 5 in Shields
  1006 | D:2      | Reached XP level 4. HP: 5/39 MP: 3/3
  1006 | D:2      | Reached XP level 5. HP: 6/45 MP: 4/4
  1264 | D:2      | Found a blossoming altar of Fedhas.
  1443 | D:2      | Found a shadowy altar of Dithmenos.
  1452 | D:2      | Became a worshipper of Dithmenos the Shadowed
  1675 | D:2      | Noticed Terence
  1686 | D:2      | Killed Terence
  1759 | D:3      | Found an iron altar of Okawaru.
  2002 | D:3      | Found an opulent altar of Gozag.
  2037 | D:3      | Reached XP level 6. HP: 51/51 MP: 5/5
  2270 | D:3      | Found a bloodstained altar of Trog.
  2351 | D:3      | Reached * piety under Dithmenos
  2553 | D:3      | Reached skill level 1 in Invocations
  2625 | D:4      | Found a shattered altar of Ashenzari.
  2821 | D:4      | Reached skill level 6 in Polearms
  3315 | D:5      | Entered Level 5 of the Dungeon
  3408 | D:5      | Noticed a sky beast
  3423 | D:5      | Killed a sky beast
  3423 | D:5      | Reached XP level 7. HP: 33/57 MP: 7/7
  3442 | D:5      | Reached skill level 7 in Polearms
  3621 | D:5      | Found Cayd's General Store.
  3737 | D:5      | Reached skill level 8 in Polearms
  3739 | D:5      | Got a sparkling amber ring
  3976 | D:5      | Identified the ring of Byry {MP+9 Str+4 Slay+5} (You found
                  | it on level 5 of the Dungeon)
  4122 | D:5      | Reached XP level 8. HP: 56/64 MP: 9/9
  4200 | D:5      | Reached ** piety under Dithmenos
  4239 | D:5      | Found a sacrificial altar of Ru.
  4325 | D:6      | Reached skill level 9 in Polearms
  4653 | D:6      | Found a staircase to the Ecumenical Temple.
  4805 | D:6      | Found Plog's Food Emporium.
  4897 | D:6      | Reached skill level 10 in Polearms
  4957 | D:6      | You fall through a shaft for 3 floors!
  4965 | D:9      | Noticed a two-headed ogre
  4979 | D:9      | Reached skill level 5 in Invocations
  4979 | D:9      | Reached XP level 9. HP: 63/70 MP: 11/11
  4992 | D:9      | HP: 1/70 [two-headed ogre/+0 giant club (25)]
  4993 | D:9      | Killed a two-headed ogre
  4993 | D:9      | Reached skill level 11 in Polearms
  5238 | D:9      | Reached *** piety under Dithmenos
  5384 | D:9      | Noticed a two-headed ogre
  5388 | D:9      | Killed a two-headed ogre
  5388 | D:9      | Reached skill level 12 in Polearms
  5636 | D:9      | Reached XP level 10. HP: 73/77 MP: 13/13
  5645 | D:9      | Reached skill level 10 in Shields
  6099 | D:9      | Found a snail-covered altar of Cheibriados.
  6172 | D:10     | Entered Level 10 of the Dungeon
  6412 | D:10     | Reached **** piety under Dithmenos
  6489 | D:10     | Reached skill level 13 in Polearms
  6706 | D:10     | Noticed a two-headed ogre
  6715 | D:10     | Killed a two-headed ogre
  6723 | D:10     | Found a staircase to the Lair.
  6773 | D:10     | Found Zemif's Magic Scroll Emporium.
  6774 | D:10     | Found a runed translucent door.
  6774 | D:10     | Noticed a skeletal warrior
  6777 | D:10     | Noticed a frost giant
  6778 | D:10     | Found a runed translucent door.
  6798 | D:10     | Noticed a necromancer
  6800 | D:10     | Noticed a lich
  6932 | D:10     | Noticed a gargoyle
  6940 | D:10     | Killed a gargoyle
  7292 | D:10     | Noticed a yaktaur captain
  7292 | D:10     | Noticed Teps's ghost (journeyman KoBe)
  7292 | D:10     | Identified the +7 short sword "Moumoh" {pierce, +Blink
                  | rPois rN+ Str-3}
  7494 | D:10     | Reached skill level 14 in Polearms
  7494 | D:10     | Reached XP level 11. HP: 82/82 MP: 16/16
  7792 | D:11     | Reached ***** piety under Dithmenos
  7792 | D:11     | Reached skill level 5 in Fighting
  7856 | D:11     | Noticed Fannar
  7882 | D:11     | Killed from afar by Fannar

Skill      XL: |  1  2  3  4  5  6  7  8  9 10 11 |
---------------+----------------------------------+-----
Polearms       | 3 5 6 8 10 12 14 | 14.0
Shields        | 4 5 6 7 8 9 11 | 11.5
Invocations    | 2 3 5 6 8 |  8.3
Fighting       | 5 |  5.3
Armour         | |  3.6

Action                   |  1- 3 |  4- 6 |  7- 9 | 10-12 || total
-------------------------+-------+-------+-------+-------++-------
Melee: Trident           |    70 |   144 |   216 |   166 ||   596
       Headbutt          |     7 |    24 |    49 |    64 ||   144
       Spear             |       |       |       |    92 ||    92
  Use: Scroll            |       |     1 |    10 |       ||    11
       Potion            |       |       |     8 |       ||     8
  Eat: Chunk             |       |     7 |     8 |     4 ||    19
       Ration            |       |       |       |     1 ||     1
Armor: Scale mail        |    18 |    29 |       |       ||    47
       Chain mail        |       |    19 |    64 |    32 ||   115
       Plate armour      |       |       |       |    22 ||    22
Dodge: Dodged            |    18 |    28 |    70 |    86 ||   202
Block: Shield            |    33 |    61 |   104 |   111 ||   309
